 Dungeon Crawl Stone Soup version 0.29.0-13-gc9e81de378 (webtiles) character file.

Game seed: 10342262375046990102

30 keekatzer the Caller (level 3, 0/29 HPs)
             Began as a Ghoul Summoner on Sept 9, 2022.
             Slain by Sigmund
             ... wielding a +0 scythe
              (12 damage)
             ... on level 2 of the Dungeon.
             The game lasted 00:04:38 (701 turns).

keekatzer the Caller (Ghoul Summoner)                Turns: 701, Time: 00:04:38

Health: 0/29       AC:  2    Str: 11    XL:     3   Next: 20%
Magic:  3/4        EV: 12    Int: 10    God:
Gold:   85         SH:  5    Dex: 11    Spells: 2/5 levels left

rFire   . . .      SeeInvis .   c - +0 spear
rCold   + . .      Faith    .   (no shield)
rNeg    + + +      Spirit   .   a - +0 robe
rPois   ∞          Reflect  +   (no helmet)
rElec   .          Harm     .   (no cloak)
rCorr   .          Rampage  .   (no gloves)
Will    +....                   (no boots)
Stlth   ++........              i - amulet of reflection
HPRegen 0.00/turn               k - ring of willpower
MPRegen 0.09/turn               (no ring)

@: inhibited regen
A: claws 1, cold resistance 1, negative energy resistance 3, inhibited
regeneration, torment resistance 2, devour on kill
a: no special abilities


You were on level 2 of the Dungeon.
You visited 1 branch of the dungeon, and saw 2 of its levels.

You collected 85 gold pieces.

Inventory:

Hand Weapons
 c - a +0 spear (weapon)
Armour
 a - a +0 robe (worn)
 e - a +0 leather armour
Jewellery
 i - an amulet of reflection (around neck)
 k - a ring of willpower (left claw)
Scrolls
 d - a scroll of teleportation {unknown}
 f - a scroll of amnesia {unknown}
 h - a scroll of identify {unknown}
Potions
 b - a potion of magic
 g - a potion of invisibility {unknown}
 j - a potion of degeneration {unknown}


   Skills:
 + Level 2.1 Fighting
 + Level 2.0 Dodging
 + Level 2.4 Stealth
 + Level 1.9 Spellcasting
 * Level 3.8 Summonings


You had 2 spell levels left.
You knew the following spells:

 Your Spells              Type           Power      Damage    Failure   Level
a - Summon Small Mammal   Summ           32%        N/A       7%          1
b - Call Imp              Summ           8%         N/A       10%         2

Your spell library contained the following spells:

 Spells                   Type           Power      Damage    Failure   Level
 Call Canine Familiar     Summ           8%         N/A       21%         3
 Summon Guardian Golem    Hex/Summ       4%         N/A       41%         3
 Summon Lightning Spire   Summ/Air       4%         N/A       82%         4


Dungeon Overview and Level Annotations

Branches:
Dungeon (2/15)

Altars:

Annotations:
D:2 Sigmund


Innate Abilities, Weirdness & Mutations

You are immune to poison.
You have sharp fingernails.
Your flesh is cold resistant. (rC+)
You are immune to negative energy. (rN+++)
You do not regenerate when monsters are visible.
You are immune to unholy pain and torment.
You thrive by killing the living.


Message History

Press: ? - help, Dir - move target You reach to attack!
You closely miss something. Something hits you.
Reach: c) +0 spear
Press: ? - help, Dir - move target You reach to attack!
You barely miss something.
Reach: c) +0 spear
Press: ? - help, Dir - move target You reach to attack!
You hit something but do no damage. Something hits you.
What are your orders? t - Shout!
Orders for allies: a - Attack new target. r - Retreat! s - Stop attacking. g - Guard the area. f - Follow me.
Anything else - Cancel.
Okay, then.
Unknown command.
You see here a +0 club.
Reach: c) +0 spear
Press: ? - help, Dir - move target You reach to attack!
You completely miss something. Something barely misses you.
Reach: c) +0 spear
Press: ? - help, Dir - move target You reach to attack!
You closely miss something. Something hits you.
Reach: c) +0 spear
Press: ? - help, Dir - move target You reach to attack!
You hit something but do no damage.
Reach: c) +0 spear
Press: ? - help, Dir - move target You reach to attack!
You miss something. You block something's attack.
Reach: c) +0 spear
Press: ? - help, Dir - move target You could not reach far enough!
Something hits you!
Reach: c) +0 spear
Press: ? - help, Dir - move target You reach to attack!
You barely miss something.
Reach: c) +0 spear
Press: ? - help, Dir - move target You reach to attack!
You hit something. Something hits you!
You die...

#. #.# #. #.#
#.########.#
###+#####.=........#
..P.P...#########5.#
...............##..#
##. #{# #.##..# ..
#5# #.##..# #. #@#
#.##5.# #.#####.#
#.....# #....†..#
#S.#.##
##.###########5.#.#
#.# #......#.#
#.#######.###....# #
#.#.......# #..###
#. #.#.#####.###..#
#####.#####.#.#
#......#


You could see a friendly shadow imp (summoned).

Vanquished Creatures
  An adder (D:2)
  A bat (D:1)
  5 endoplasms
  A giant cockroach (D:2)
  2 goblins
  2 hobgoblins
  A quokka (D:1)
  4 ball pythons
  A rat (D:2)
18 creatures vanquished.

Vanquished Creatures (collateral kills)
  A goblin (D:1)
1 creature vanquished.

Grand Total: 19 creatures vanquished

Notes
Turn   | Place    | Note
-------+----------+-------------------------------------------
     0 | D:1      | keekatzer the Ghoul Summoner began the quest for the Orb.
     0 | D:1      | Reached XP level 1. HP: 14/14 MP: 2/2
    69 | D:1      | Reached skill level 1 in Fighting
    83 | D:1      | Reached XP level 2. HP: 24/24 MP: 1/3
   269 | D:1      | Learned a level 2 spell: Call Imp
   593 | D:2      | Noticed Sigmund
   651 | D:2      | Reached XP level 3. HP: 27/29 MP: 0/4
   701 | D:2      | Slain by Sigmund

Illustrated notes

Levels and vault maps discovered:
D:1:      minmay_arrival_split_and_join, layout_basic
D:2:      layout_loops_ring, dreamdust_ecumenical_altar_hidden_monk_grotto,
          serial_shops, shop, cheibrodos_gnoll_hut, uniq_sigmund, uniq_terence

Skill      XL: |  1  2  3 |
---------------+----------+-----
Fighting       | 1 2 |  2.1
Dodging        | 2 |  2.0
Stealth        | |  2.4
Spellcasting   | |  1.9
Summonings     | |  3.8

Action                   || total
-------------------------++-------
Melee: Spear             ||    65
       Punch             ||     1
 Cast: Summon Small Mamm ||     2
       Call Imp          ||     2
 Stab: Sleeping          ||     5
       Distracted        ||     1
Armor: Robe              ||     6
Dodge: Dodged            ||    18
Block: Other             ||     5
